 Dungeon Crawl Stone Soup version 0.30-a0-847-g17996783a1 (webtiles) character file.

Game seed: 1919973883429839980

15094 holysushi the Slicer (level 11, -2/79 HPs)
             Began as a Demonspawn Monk on Mar 3, 2023.
             Was an Initiate of Gozag.
             Slain by a wyvern (6 damage)
             ... while petrified by a basilisk
             ... on level 1 of the Lair of Beasts.
             The game lasted 00:17:58 (14351 turns).

holysushi the Slicer (Demonspawn Monk)             Turns: 14351, Time: 00:17:59

Health: -2/79      AC: 12    Str: 11    XL:     11   Next: 97%
Magic:  11/11      EV:  2    Int: 12    God:    Gozag
Gold:   595        SH:  0    Dex: 20    Spells: 10/10 levels left

rFire   . . .      SeeInvis .    m - +1 rapier (venom)
rCold   . . .      Faith    .    (no shield)
rNeg    + + +      Spirit   .    j - +0 troll leather armour
rPois   ∞          Reflect  +    u - +1 helmet
rElec   .          Rampage  .    d - +1 cloak
rCorr   .                        s - +1 Delatra's gloves {ID++}
Will    .....                    (no boots)
Stlth   ++                       w - amulet of reflection
HPRegen 1.13/turn                f - +4 ring of slaying
MPRegen 0.12/turn                (no ring)

@: petrified, slowed, studying Dodging
A: claws 2, powered by pain 1, sharp scales 2
a: Renounce Religion, Potion Petition, Call Merchant, Bribe Branch


You were on level 1 of the Lair of Beasts.
You worshipped Gozag.
Gozag was pleased with you.
You visited 3 branches of the dungeon, and saw 14 of its levels.
You also visited: Bailey.

You collected 595 gold pieces.

Inventory:

Hand Weapons
 a - a +0 short sword
 m - a +1 rapier of venom (weapon)
Missiles
 C - a throwing net (quivered)
Armour
 b - a +0 robe
 d - a +1 cloak (worn)
 j - a +0 troll leather armour (worn)
 l - +0 steam dragon scales
 s - the +1 Delatra's gloves (worn) {ID++}
   (You found it on level 6 of the Dungeon)

   ID++:      It heals its wearer when they drink unknown potions, and restores
   their MP when they read unknown scrolls.
 u - a +1 helmet (worn)
Jewellery
 f - a +4 ring of slaying (left hand)
 k - an amulet of magic regeneration
 w - an amulet of reflection (around neck)
Wands
 e - a wand of flame (27)
 q - a wand of charming (15)
Scrolls
 g - 2 scrolls of immolation
 n - 3 scrolls of amnesia
 p - 12 scrolls of identify
 y - a scroll of teleportation
 E - a scroll of brand weapon
 F - a scroll of fog
 G - 2 scrolls of vulnerability
Potions
 c - a potion of ambrosia
 h - 2 potions of resistance
 i - 2 potions of mutation
 o - 4 potions of flight
 v - 2 potions of cancellation
 x - 2 potions of attraction
 z - 3 potions of heal wounds
 A - a potion of haste
 B - a potion of curing
 H - 3 potions of brilliance {unknown}
 I - a potion of berserk rage {unknown}


   Skills:
 - Level 5.0 Fighting
 - Level 14.0 Short Blades
 + Level 13.0 Dodging
 - Level 2.5 Stealth
 - Level 2.0 Evocations


You had 10 spell levels left.
You didn't know any spells.
Your spell library contained the following spells:

 Spells                   Type           Power      Damage    Failure   Level
 Apportation              Tloc           0%         N/A       41%         1
 Freeze                   Ice            0%         1d3       41%         1
 Kiss of Death            Conj/Necr      0%         2d5       41%         1
 Magic Dart               Conj           0%         1d3       41%         1
 Necrotise                Necr           0%         1d4       41%         1
 Summon Small Mammal      Summ           0%         N/A       41%         1
 Searing Ray              Conj           0%         2d4       54%         2
 Confusing Touch          Hex            0%         N/A       78%         3
 Frozen Ramparts          Ice            0%         1d1       78%         3
 Gell's Gravitas          Tloc           0%         N/A       78%         3
 Hailstorm                Conj/Ice       0%         3d3       78%         3
 Ignite Poison            Fire/Tmut/Pois 0%         N/A       78%         3
 Kindle Blastsparks       Fire/Tloc/Air  0%         2d10      78%         3
 Teleport Other           Tloc           0%         N/A       78%         3
 Airstrike                Air            0%         2d(0-16)  99%         4
 Dispel Undead            Necr           0%         3d6       99%         4
 Fulminant Prism          Conj/Hex       0%         3d5       99%         4
 Summon Lightning Spire   Summ/Air       0%         N/A       99%         4
 Freezing Cloud           Conj/Ice/Air   0%         6-21      100%        5
 Lightning Bolt           Conj/Air       0%         1d11      100%        5
 Yara's Violent Unravell  Hex/Tmut       0%         3d3       100%        5
 Dispersal                Tloc           0%         N/A       100%        6
 Enfeeble                 Hex            0%         N/A       100%        7
 Haunt                    Necr/Summ      0%         N/A       100%        7
 Infestation              Necr           0%         N/A       100%        8
 Animate Dead             Necr           Unusable   N/A       N/A         4

Dungeon Overview and Level Annotations

Branches:
Dungeon (12/15) Zot: 25857  Temple (1/1) D:6 Zot: 5859    Lair (1/5) D:9 Zot: 5987
 Bailey (visited)
    Orc: D:9-12

Altars:
Ashenzari
Cheibriados
Dithmenos
Fedhas
Gozag
Hepliaklqana
Kikubaaqudgha
Makhleb
Nemelex Xobeh
Okawaru
Qazlal
Ru
Sif Muna
Trog
Uskayaw
Vehumet
Wu Jian
Xom
Yredelemnul

Shops:
D:1 (

Annotations:
D:8 1 runed translucent door, NinjaNoafa's ghost, novice TrMo
D:9 3 runed translucent doors, jasper's ghost, novice DsHW
D:10 exclusion: door
D:11 3 runed translucent doors, Esekla's ghost, journeyman OpDe


Innate Abilities, Weirdness & Mutations

You have very sharp fingernails.
You sometimes gain a little power by taking damage.
You are mostly covered in razor-sharp scales. (AC +2, Slay +2)


Message History

The basilisk bites you! The yak gores you.
The yak gores you but does no damage. The yak gores you! The yak gores you.
The yak bellows!
The bullfrog hits you!
The bullfrog hits you but does no damage.
The wyvern bites you! The yak gores you. The yak gores you!
The yak gores you but does no damage. The yak gores you! x2
* * * LOW HITPOINT WARNING * * *
The basilisk bites you.
* * * LOW HITPOINT WARNING * * *
The bullfrog hits you but does no damage.
The wyvern bites you but does no damage.
The yak gores you!
* * * LOW HITPOINT WARNING * * *
The yak gores you. x2
* * * LOW HITPOINT WARNING * * *
The basilisk gazes at you. You resist with some effort. The yak gores you.
* * * LOW HITPOINT WARNING * * *
The bullfrog hits you but does no damage.
The wyvern bites you but does no damage.
The bullfrog barely misses you. The wyvern bites you.
* * * LOW HITPOINT WARNING * * *
The yak gores you but does no damage. The yak gores you.
* * * LOW HITPOINT WARNING * * *
The yak gores you!
* * * LOW HITPOINT WARNING * * *
The yak completely misses you. The basilisk gazes at you.
You resist with some effort.
The bullfrog snags a nearby small bird with its tongue.
The bullfrog hits you but does no damage.
The wyvern barely misses you.
The yak gores you but does no damage. x3
The basilisk bites you but does no damage.
The yak gores you!
* * * LOW HITPOINT WARNING * * *
The bullfrog hits you but does no damage.
The wyvern bites you!
You die...
Your body crumbles into a pile of gold.

###........
##+##P#..#.....
.........#.....
..........#..##
...............
...............
......FYw......
......l@YY.....
PP+#..lYYY.:...
....#..YY#P+##.
... #...#. .. .
....... ...
.#...#... ..
..#...# ... .
.. #...# ###+


You could see a torpor snail, 8 yaks, a basilisk, a wyvern and a bullfrog.

Vanquished Creatures
  A centaur warrior (D:10)
  A boulder beetle (D:10)
  3 two-headed ogres
  2 orc knights
  An ugly thing (D:10)
  A cyclops (D:10)
  Maurice (D:10)
  A rime drake (D:9)
  A queen bee (shapeshifter) (D:10)
  5 trolls
  A polar bear (shapeshifter) (D:10)
  A hornet (D:9)
  Prince Ribbit (D:7)
  Sigmund (D:2)
  3 wyverns (D:10)
  13 yaks
  3 wraiths
  2 steam dragons
  A swamp worm (D:7)
  A water moccasin (D:7)
  8 orc warriors
  A black bear (D:5)
  4 ice beasts
  A sky beast (D:7)
  2 wolves (D:9)
  3 centaurs
  2 phantoms
  2 kobold brigands
  2 gnoll sergeants
  5 bullfrogs
  4 scorpions
  17 wights
  6 orc priests
  5 hounds
  2 jellies
  An iron imp (D:8)
  A sleepcap (D:6)
  3 iguanas
  10 orc wizards
  18 gnolls
  7 adders
  2 shadow imps
  A white imp (D:7)
  A worm (D:5)
  4 dart slugs
  34 orcs
  12 endoplasms
  A giant cockroach (D:2)
  9 goblins
  3 hobgoblins
  3 jackals (D:1)
  19 kobolds
  2 quokkas
  9 ball pythons
  8 bats
  2 frilled lizards (D:1)
  A goblin zombie (D:8)
  3 hobgoblin zombies (D:8)
  A kobold skeleton (D:8)
  A kobold zombie (D:8)
  2 orc zombies (D:8)
  21 rats
287 creatures vanquished.

Vanquished Creatures (others)
  An orc wizard (D:7)
  10 fungi
  8 plants
19 creatures vanquished.

Grand Total: 306 creatures vanquished

Notes
Turn   | Place    | Note
-------+----------+-------------------------------------------
     0 | D:1      | holysushi the Demonspawn Monk began the quest for the Orb.
     0 | D:1      | Reached XP level 1. HP: 18/18 MP: 1/1
    93 | D:1      | Reached skill level 3 in Short Blades
   126 | D:1      | Found Aleff's Antique Weapon Boutique.
   174 | D:1      | Gained mutation: You are partially covered in razor-sharp
                  | scales. (AC +1, Slay +1) [demonic ancestry]
   174 | D:1      | Reached XP level 2. HP: 14/24 MP: 2/2
   689 | D:2      | Gained mutation: You have sharp fingernails. [demonic
                  | ancestry]
   689 | D:2      | Reached XP level 3. HP: 28/29 MP: 3/3
   891 | D:2      | Noticed Sigmund
   908 | D:2      | Reached skill level 4 in Short Blades
  1283 | D:2      | Found a faded altar of an unknown god.
  1780 | D:3      | Noticed a kobold brigand
  1811 | D:3      | Killed a kobold brigand
  1812 | D:3      | Reached skill level 5 in Short Blades
  1812 | D:3      | Reached XP level 4. HP: 35/35 MP: 4/4
  2153 | D:3      | Reached XP level 5. HP: 41/41 MP: 5/5
  3254 | D:4      | Noticed a phantom
  3280 | D:4      | Reached XP level 6. HP: 26/47 MP: 6/6
  3285 | D:4      | Reached skill level 6 in Short Blades
  3480 | D:5      | Entered Level 5 of the Dungeon
  4973 | D:2      | Killed Sigmund
  4974 | D:2      | Gained mutation: You have very sharp fingernails. [demonic
                  | ancestry]
  4974 | D:2      | Reached XP level 7. HP: 25/52 MP: 7/7
  5333 | D:5      | Reached skill level 7 in Short Blades
  6221 | D:6      | Gained mutation: You are mostly covered in razor-sharp
                  | scales. (AC +2, Slay +2) [demonic ancestry]
  6221 | D:6      | Reached XP level 8. HP: 58/58 MP: 8/8
  6228 | D:6      | Reached skill level 8 in Short Blades
  6261 | D:6      | Reached skill level 5 in Dodging
  6416 | D:6      | Found the +1 Delatra's gloves {ID++}
  6621 | D:6      | Reached skill level 9 in Short Blades
  6893 | D:6      | Found a staircase to the Ecumenical Temple.
  6923 | Temple   | Entered the Ecumenical Temple
  7532 | D:7      | Reached skill level 10 in Short Blades
  7540 | D:7      | Found a bloodstained altar of Trog.
  7640 | D:7      | Noticed Prince Ribbit
  7654 | D:7      | Killed Prince Ribbit
  7655 | D:7      | Reached XP level 9. HP: 51/63 MP: 9/9
  8432 | D:7      | Reached skill level 11 in Short Blades
  9410 | D:8      | Reached skill level 5 in Fighting
  9416 | D:8      | Reached XP level 10. HP: 42/74 MP: 10/10
  9627 | D:8      | Found a runed translucent door.
  9629 | D:8      | Noticed NinjaNoafa's ghost (novice TrMo)
  9678 | D:8      | Noticed a two-headed ogre
  9692 | D:8      | Killed a two-headed ogre
  9693 | D:8      | Reached skill level 12 in Short Blades
 10309 | D:9      | Noticed a two-headed ogre
 10774 | D:9      | Found a shadowy altar of Dithmenos.
 10798 | D:9      | Reached skill level 13 in Short Blades
 11054 | D:9      | Found a runed translucent gate.
 11055 | D:9      | Found a runed translucent gate.
 11055 | D:9      | Identified the +0 chain mail of Byubaurgh {+Blink}
 11056 | D:9      | Found a runed translucent gate.
 11060 | D:9      | Noticed jasper's ghost (novice DsHW)
 11169 | D:9      | Found a staircase to the Lair.
 11320 | D:9      | Killed a two-headed ogre
 11562 | D:9      | Noticed a two-headed ogre
 11582 | D:9      | Killed a two-headed ogre
 12225 | D:10     | Entered Level 10 of the Dungeon
 12297 | D:10     | Gained mutation: You sometimes gain a little power by
                  | taking damage. [demonic ancestry]
 12297 | D:10     | Reached XP level 11. HP: 59/79 MP: 11/11
 12300 | D:10     | Noticed an orc knight
 12300 | D:10     | Noticed a centaur warrior
 12300 | D:10     | Noticed a green ugly thing
 12337 | D:10     | Killed an orc knight
 12338 | D:10     | Reached skill level 14 in Short Blades
 12345 | D:10     | Killed a green ugly thing
 12351 | D:10     | Killed a centaur warrior
 12398 | D:10     | You fall into a shaft and drop 2 floors!
 12437 | D:11     | Noticed a boulder beetle
 12538 | D:10     | Found a flagged portal.
 12632 | Bailey   | Entered a bailey
 12641 | Bailey   | Noticed an orc warlord
 12665 | Bailey   | Reached skill level 1 in Evocations
 12671 | Bailey   | Noticed an orc knight
 12698 | Bailey   | Killed an orc knight
 12765 | Bailey   | Found a runed translucent gate.
 12773 | Bailey   | Found a runed translucent gate.
 12774 | Bailey   | Found a runed translucent gate.
 13318 | Bailey   | Acquired a manual of Dodging
 13401 | D:10     | Noticed Maurice
 13416 | D:10     | Killed Maurice
 13462 | D:10     | Reached skill level 10 in Dodging
 13553 | D:10     | Found a shimmering altar of Xom.
 13932 | D:10     | Noticed a harpy
 13932 | D:10     | Noticed an ogre mage
 14120 | D:10     | Noticed a boulder beetle
 14128 | D:10     | Killed a boulder beetle
 14206 | D:10     | Found a faded altar of an unknown god.
 14206 | D:10     | Found a faded altar of an unknown god.
 14226 | D:10     | Found an ornate altar of the Wu Jian Council.
 14228 | D:10     | Found an opulent altar of Gozag.
 14229 | D:10     | Found a sparkling altar of Nemelex Xobeh.
 14236 | D:10     | Became a worshipper of Gozag Ym Sagoz the Greedy
 14267 | D:11     | Found a runed translucent gate.
 14269 | D:11     | Found a runed translucent gate.
 14269 | D:11     | Found an opulent altar of Gozag.
 14270 | D:11     | Found a runed translucent gate.
 14272 | D:11     | Noticed an ettin
 14272 | D:11     | Noticed a red ugly thing
 14273 | D:11     | Noticed Esekla's ghost (journeyman OpDe)
 14274 | D:11     | Noticed a boulder beetle
 14340 | Lair:1   | Entered Level 1 of the Lair of Beasts
 14350 | Lair:1   | HP: 2/79 [yak (4)]
 14351 | Lair:1   | Slain by a wyvern

Illustrated notes

Levels and vault maps discovered:
D:1:      giann_forest_graveyard, layout_rooms, serial_shops,
          nicolae_shop_crystal, chequers_serial_rivers_small_a,
          chequers_decorated_corner, st_stairs_9
D:2:      layout_basic, shapermc_ecumenical_altar_petra, uniq_sigmund
D:3:      layout_basic
D:4:      layout_cave_pods, hangedman_decor_peaks_small, corner_web_ring,
          minmay_rat_hole
D:5:      layout_rooms, nicolae_hexahallways, dreamdust_gnoll_farm
D:6:      layout_loops_ring, minmay_temple_entry_sparse_star,
          nicolae_elevator_lobby_plus
D:7:      layout_basic, amcnicky_altar_gilded, fountainhead, worms_lemuel,
          uniq_prince_ribbit1
D:8:      layout_loops_cross, nicolae_tso_besieged_by_evil,
          hellmonk_ghost_big_iron, grunt_ministairs_7
D:9:      layout_basic, nicolae_dithmenos_shadow_blocks,
          hellmonk_lair_entry_icy, biasface_ghost_orc_armoury, eino_tiny_chamber
D:10:     layout_loops_ring, chequers_temple_overflow_minitemple,
          mainiacjoe_overflow_alcove_2, enter_bailey_5, nicolae_rejected_hall,
          uniq_maurice
D:11:     layout_stronghold, orc_0_dummy, serial_glass, glass_columns_a,
          glass_columns_b, ebering_ghost_gozag, grunt_qazlal_sundering
D:12:     layout_grid_maze
Temple:   nicolae_temple_superstar
Lair:1:   layout_regular_city, dreamdust_deal_with_the_devil,
          chequers_serial_rivers_small_3, uniq_amaemon

Skill      XL: |  1  2  3  4  5  6  7  8  9 10 11 |
---------------+----------------------------------+-----
Short Blades   | 3 5 6 7 10 11 13 14 | 14.0
Dodging        | 3 4 5 6 7 13 | 13.0
Fighting       | 5 |  5.0
Stealth        | 2 |  2.5
Evocations     | 2 |  2.0

Action                     |  1- 3 |  4- 6 |  7- 9 | 10-12 || total
---------------------------+-------+-------+-------+-------++-------
  Melee: Short sword       |   138 |    46 |       |       ||   184
         Punch             |     4 |     3 |     6 |    11 ||    24
         Unarmed           |     8 |       |       |       ||     8
         Rapier            |       |    94 |   336 |   537 ||   967
  Evoke: Wand              |       |       |    15 |     9 ||    24
    Use: Scroll            |     4 |     2 |     7 |     9 ||    22
         Potion            |     1 |     1 |     4 |     9 ||    15
   Stab: Sleeping          |     5 |     4 |     7 |     5 ||    21
         Invisible         |       |       |     3 |       ||     3
         Distracted        |       |       |     1 |       ||     1
 Armour: Robe              |    23 |    45 |    12 |       ||    80
         Skin              |    17 |       |       |       ||    17
         Steam dragon scal |       |       |    68 |    37 ||   105
         Troll leather arm |       |       |       |    55 ||    55
  Dodge: Dodged            |    67 |   127 |   187 |   277 ||   658
  Block: Other             |       |       |       |    37 ||    37
         Reflection        |       |       |       |     5 ||     5

Table legend: (Time is in decaauts)
 A = Elapsed time spent in this place.
 B = Non-inter-level travel time spent in this place.
 C = Inter-level travel time spent in this place.
 D = Time resting spent in this place.
 E = Time spent auto-exploring this place.
 F = Levels seen in this place.
 G = Mean time per level.
                   A        B        C        D        E       F      G
               +--------+--------+--------+--------+--------+-----+--------+
         Total |  13976 |  12911 |   1065 |   2356 |   7820 |  15 |  931.7 |
       Dungeon |  13161 |  12120 |   1041 |   2149 |   7532 |  12 | 1096.8 |
        Temple |    140 |    117 |     23 |      0 |    104 |   1 |  140.0 |
          Lair |     11 |     11 |      0 |      0 |      0 |   1 |   11.0 |
        Bailey |    662 |    662 |      0 |    207 |    183 |   1 |  662.0 |
               +--------+--------+--------+--------+--------+-----+--------+

Top non-repeatable levels by time:
     D:3: 1862 daAuts
     D:7: 1806 daAuts
     D:4: 1752 daAuts
     D:9: 1576 daAuts
     D:6: 1132 daAuts
     D:8: 1105 daAuts
    D:10: 1103 daAuts
     D:5: 1102 daAuts
     D:2: 904 daAuts
     D:1: 667 daAuts
  Bailey: 662 daAuts
    D:11: 143 daAuts
  Temple: 140 daAuts
  Lair:1: 11 daAuts
    D:12: 4 daAuts
